 Dungeon Crawl Stone Soup version 0.32-a0-43-g058985b245 (webtiles) character file.

Game seed: 11513389731086944754

2669 Atlas the Thaumaturge (level 9, 0/46 HPs)
             Began as a Deep Elf Fire Elementalist on Feb 5, 2024.
             Was a Follower of Vehumet.
             Slain by an orc warrior
             ... wielding a +0 scimitar
              (2 damage)
             ... on level 7 of the Dungeon.
             The game lasted 00:06:41 (5475 turns).

Atlas the Thaumaturge (Deep Elf Fire Elementalist)  Turns: 5475, Time: 00:06:42

Health: 0/46       AC:  4    Str:  5    XL:     9   Next: 37%
Magic:  18/26      EV: 12    Int: 25    God:    Vehumet [*.....]
Gold:   376        SH:  0    Dex: 15    Spells: 23/30 levels left

rFire   . . .        z - +1 whip (elec)
rCold   . . .        (no shield)
rNeg    . . .        i - +0 leather armour
rPois   .            (no helmet)
rElec   .            (no cloak)
rCorr   .            (no gloves)
SInv    .            o - +0 pair of boots
Will    .....        d - amulet of magic regeneration
Stlth   ++           x - +4 ring of slaying
HPRegen 0.27/turn    (no ring)
MPRegen 0.60/turn

%: no passive effects
@: studying Necromancy
A: no striking features
a: Renounce Religion


You were on level 7 of the Dungeon.
You worshipped Vehumet.
Vehumet was aware of your devotion.
You visited 2 branches of the dungeon, and saw 8 of its levels.

You collected 376 gold pieces.

Inventory:

Hand Weapons
 z - a +1 whip of electrocution (weapon)
Armour
 i - a +0 leather armour (worn)
 o - a +0 pair of boots (worn)
Jewellery
 d - an amulet of magic regeneration (around neck)
 x - a +4 ring of slaying (left hand)
Wands
 y - a wand of polymorph (18)
Scrolls
 c - 2 scrolls of enchant armour {unknown}
 g - a scroll of noise {unknown}
 h - 3 scrolls of identify {unknown}
 k - 2 scrolls of enchant weapon {unknown}
 m - a scroll of revelation {unknown}
 p - a scroll of silence {unknown}
 q - 3 scrolls of teleportation {unknown}
 r - 3 scrolls of fog
 t - 2 scrolls of immolation {unknown}
Potions
 a - 2 potions of heal wounds
 b - a potion of magic
 e - a potion of might {unknown}
 f - 3 potions of cancellation {unknown}
 j - a potion of haste {unknown}
 l - 2 potions of degeneration {unknown}
 n - 2 potions of resistance {unknown}
 s - a potion of attraction {unknown}
 u - a potion of curing {unknown}
 v - 2 potions of brilliance {unknown}
 w - 2 potions of enlightenment {unknown}


   Skills:
 + Level 0.8 Fighting
 + Level 0.7 Short Blades
 + Level 2.1 Armour
 + Level 3.2 Dodging
 - Level 3.0 Stealth
 + Level 11.1 Spellcasting
 + Level 4.5 Conjurations
 + Level 9.4 Fire Magic


You had 23 spell levels left.
You knew the following spells:

 Your Spells              Type           Power      Damage    Failure   Level
a - Scorch                Fire           100%       2d9       1%          2
b - Foxfire               Conj/Fire      100%       2x1d9     1%          1
c - Flame Wave            Conj/Fire      48%        2d12      4%          4

Your spell library contained the following spells:

 Spells                   Type           Power      Damage    Failure   Level
 Sandblast                Erth           26%        2d8       7%          1
 Magic Dart               Conj           100%       1d8       1%          1
 Searing Ray              Conj           72%        2d7       1%          2
 Inner Flame              Hex/Fire       37%        N/A       3%          3
 Volatile Blastmotes      Fire/Tloc      74%        2d16      3%          3
 Ensorcelled Hibernation  Hex/Ice        26%        N/A       11%         2
 Passwall                 Erth           13%        N/A       22%         3
 Swiftness                Air            13%        N/A       22%         3
 Fulminant Prism          Conj/Alch      12%        3d8       28%         4


Dungeon Overview and Level Annotations

Branches:
Dungeon (7/15)             Temple (1/1) D:6

Altars:
Ashenzari
Cheibriados
Dithmenos
Elyvilon
Fedhas
Gozag
Hepliaklqana
Kikubaaqudgha
Makhleb
Nemelex Xobeh
Okawaru
Qazlal
Ru
Sif Muna
Trog
Uskayaw
Vehumet
Wu Jian
Xom
Yredelemnul
Zin
The Shining One

Shops:
D:4 *

Annotations:
D:4 2 transporters, pazhot's ghost, amateur HOFi
D:7 1 runed translucent door, Crazy Yiuf


Message History

Found a pitted dagger.
An orc warrior comes into view. It is wielding a +0 scimitar.
The ice beast moves out of view.
An orc warrior is nearby!
Things that are here:
a +0 club; 2 boomerangs
Okay, then.
Casting: Foxfire (safe; 1% risk of failure)
Confirm with . or Enter, or press ? or * to list all spells.
Flames lash the ice beast.
The ice beast melts!
The ice beast is heavily wounded.
The ice beast's fire resistance burns away.
Unknown command.
Casting: Scorch (safe; 1% risk of failure)
Confirm with . or Enter, or press ? or * to list all spells.
Flames lash the ice beast.
The ice beast is heavily wounded.
The ice beast hits you. The ice beast freezes you!
Unknown command.
Casting: Scorch (safe; 1% risk of failure)
Confirm with . or Enter, or press ? or * to list all spells.
Flames lash the orc warrior.
The orc warrior is moderately wounded.
The orc warrior's fire resistance burns away.
The ice beast hits you. The ice beast freezes you!
The orc warrior hits you with a +0 scimitar!
* * * LOW HITPOINT WARNING * * *
Casting: Scorch (safe; 1% risk of failure)
Confirm with . or Enter, or press ? or * to list all spells.
Casting: Flame Wave (dangerous; 4% risk of failure)
Press: ? - help, Dir - look around, f - activate A wave of flame ripples out!
The flame wave engulfs the orc warrior!
The orc warrior is burned terribly!
The orc warrior is severely wounded.
The flame wave engulfs the ice beast!!
The ice beast melts!
You kill the ice beast!
Vehumet accepts your kill. (Press . to intensify the flame waves.)
The orc warrior hits you with a +0 scimitar.
You die...

##.....## #...............
####### ##.............. #
##............# ..
########..#...####### ...
..........#.#..## ....
########.#..##..### ..)..
#...####...#
.....)########..#######.###
.......)..@................
...?..###o.......####......
..... #........# #..>...
.... ########## #...... ...
#...... ## #...... #######


You could see an orc warrior (combustible).

Vanquished Creatures
  Maurice (D:7)
  3 yaks (D:6)
  An orc warrior (D:6)
  An ice beast (D:7)
  A black bear (D:6)
  A sky beast (D:6)
  An ogre (D:6)
  2 centaurs (D:7)
  A phantom (D:6)
  2 kobold brigands
  A gnoll sergeant (D:6)
  A bullfrog (D:7)
  A scorpion (D:5)
  4 killer bees (D:7)
  3 bombardier beetles
  7 hounds
  An orc priest (D:6)
  4 iguanas
  2 jellies (D:5)
  2 orc wizards
  9 adders
  6 gnolls (D:6)
  A shadow imp (D:7)
  A ribbon worm (D:5)
  2 dart slugs
  19 orcs
  3 ball pythons
  2 bats
  2 endoplasms
  3 giant cockroaches
  4 goblins
  9 hobgoblins
  13 kobolds
  2 quokkas
  3 rats
119 creatures vanquished.

Vanquished Creatures (others)
  353 foxfires
353 creatures vanquished.

Grand Total: 472 creatures vanquished

Notes
Turn   | Place    | Note
-------+----------+-------------------------------------------
     0 | D:1      | Atlas the Deep Elf Fire Elementalist began the quest for
                  | the Orb.
     0 | D:1      | Reached XP level 1. HP: 10/10 MP: 6/6
   342 | D:1      | Reached XP level 2. HP: 15/15 MP: 4/8
   417 | D:1      | Learned a level 2 spell: Scorch
  1026 | D:2      | Reached XP level 3. HP: 19/19 MP: 7/10
  1522 | D:3      | Reached skill level 4 in Spellcasting
  1934 | D:3      | Reached XP level 4. HP: 24/24 MP: 9/12
  2174 | D:4      | Learned a level 4 spell: Flame Wave
  2201 | D:4      | Found Wayts's General Store.
  2330 | D:4      | Noticed pazhot's ghost (amateur HOFi)
  2330 | D:4      | Identified the +6 dire flail of the Last Olives {freeze,
                  | Int+3}
  2330 | D:4      | Noticed an ogre
  2331 | D:4      | Found a transporter.
  2401 | D:4      | Found a shimmering altar of Xom.
  2483 | D:4      | Found a sparkling altar of Nemelex Xobeh.
  2535 | D:4      | Noticed an ogre
  2554 | D:4      | Found a transporter.
  2648 | D:5      | Entered Level 5 of the Dungeon
  2672 | D:5      | Reached skill level 5 in Spellcasting
  2672 | D:5      | Reached XP level 5. HP: 28/28 MP: 9/14
  2682 | D:5      | Reached skill level 5 in Fire Magic
  3035 | D:5      | Reached skill level 1 in Armour
  3075 | D:5      | Reached XP level 6. HP: 32/32 MP: 12/16
  3266 | D:5      | Reached skill level 6 in Spellcasting
  3266 | D:5      | Reached XP level 7. HP: 22/36 MP: 13/18
  4083 | D:6      | Reached skill level 7 in Spellcasting
  4176 | D:6      | Found a staircase to the Ecumenical Temple.
  4187 | Temple   | Entered the Ecumenical Temple
  4256 | Temple   | Became a worshipper of Vehumet
  4535 | D:6      | Noticed a yak
  4535 | D:6      | Noticed a yak
  4559 | D:6      | Noticed a yak
  4569 | D:6      | Killed a yak
  4570 | D:6      | Reached skill level 8 in Spellcasting
  4570 | D:6      | Reached XP level 8. HP: 39/41 MP: 16/22
  4640 | D:6      | Reached skill level 9 in Spellcasting
  4774 | D:6      | Found a snail-covered altar of Cheibriados.
  4777 | D:6      | Found a glowing golden altar of the Shining One.
  4779 | D:6      | Found a blossoming altar of Fedhas.
  4961 | D:7      | Reached * piety under Vehumet
  4961 | D:7      | Offered knowledge of Sandblast by Vehumet.
  4962 | D:7      | Reached skill level 10 in Spellcasting
  4991 | D:7      | Found a burning altar of Makhleb.
  4996 | D:7      | Reached XP level 9. HP: 29/46 MP: 16/25
  5170 | D:7      | Noticed Maurice
  5180 | D:7      | Killed Maurice
  5240 | D:7      | Reached skill level 11 in Spellcasting
  5318 | D:7      | Found a runed translucent door.
  5319 | D:7      | Noticed Crazy Yiuf
  5474 | D:7      | HP: 2/46 [orc warrior/+0 scimitar (17)]
  5475 | D:7      | Slain by an orc warrior

Illustrated notes

Levels and vault maps discovered:
D:1:      spicycebolla_arrival_xxxplode, layout_basic,
          wad_floor_pattern_untrapped, minmay_splitting_lines,
          hangedman_decor_clover_reticule
D:2:      layout_basic
D:3:      layout_loops_cross
D:4:      layout_rooms, mainiacjoe_overflow_large_starburst,
          gammafunk_ghost_smash, serial_shops, shop, serial_park_tiny_1,
          chequers_serial_rivers_room_b, nrook_mini_vaults,
          minmay_misc_feat_cross
D:5:      layout_layer_cave
D:6:      layout_basic, overflow_temple_1_default,
          chequers_temple_overflow_statue_of_worship, temple_fountains
D:7:      layout_rooms, mainiacjoe_overflow_six_doors_small,
          uniq_crazy_yiuf_cottage, uniq_maurice
Temple:   minmay_temple_bridge_d

Skill      XL: |  1  2  3  4  5  6  7  8  9 |
---------------+----------------------------+-----
Spellcasting   | 4 5 6 8 10 11 | 11.1
Fire Magic     | 4 5 6 7 8 9 |  9.4
Conjurations   | 2 3 4 |  4.5
Armour         | 1 2 |  2.1
Stealth        | 3 |  3.0
Dodging        | 3 |  3.2
Fighting       | |  0.8
Short Blades   | |  0.7

Action                     |  1- 3 |  4- 6 |  7- 9 || total
---------------------------+-------+-------+-------++-------
  Melee: Unarmed           |       |     2 |       ||     2
         Short sword       |       |       |     5 ||     5
   Cast: Foxfire           |    60 |    70 |    75 ||   205
         Scorch            |    17 |    21 |    56 ||    94
         Flame Wave        |       |       |     6 ||     6
    Use: Potion            |       |       |     2 ||     2
         Scroll            |       |       |     1 ||     1
 Armour: Leather armour    |     3 |     5 |    31 ||    39
         Robe              |     1 |       |       ||     1
  Dodge: Dodged            |     2 |    12 |    30 ||    44

Table legend: (Time is in decaauts)
 A = Elapsed time spent in this place.
 B = Non-inter-level travel time spent in this place.
 C = Inter-level travel time spent in this place.
 D = Time resting spent in this place.
 E = Time spent auto-exploring this place.
 F = Levels seen in this place.
 G = Mean time per level.
                   A        B        C        D        E       F      G
               +--------+--------+--------+--------+--------+-----+--------+
         Total |   5481 |   5177 |    304 |      5 |   4417 |   8 |  685.1 |
       Dungeon |   5342 |   5175 |    167 |      5 |   4417 |   7 |  763.1 |
        Temple |    138 |      1 |    137 |      0 |      0 |   1 |  138.0 |
               +--------+--------+--------+--------+--------+-----+--------+

Top non-repeatable levels by time:
     D:5: 1418 daAuts
     D:2: 811 daAuts
     D:6: 738 daAuts
     D:3: 676 daAuts
     D:1: 674 daAuts
     D:7: 536 daAuts
     D:4: 487 daAuts
  Temple: 138 daAuts
